 Dungeon Crawl Stone Soup version 0.29.1-12-g30fa7ad0bf (webtiles) character file.

Game seed: 7546012604661761195

102 EarthwalkerPL the Covered (level 4, -1/41 HPs)
             Began as a Minotaur Fighter on Jan 1, 2023.
             Slain by an ogre
             ... wielding a +0 giant club
              (22 damage)
             ... on level 3 of the Dungeon.
             The game lasted 00:02:45 (2278 turns).

EarthwalkerPL the Covered (Minotaur Fighter)        Turns: 2278, Time: 00:02:46

Health: -1/41      AC:  7    Str: 22    XL:     4   Next: 49%
Magic:  3/3        EV:  8    Int:  5    God:
Gold:   207        SH:  8    Dex: 10    Spells: 3/3 levels left

rFire   . . .      SeeInvis .   a - +0 war axe
rCold   . . .      Faith    .   s - +0 kite shield
rNeg    . . .      Spirit   .   b - +0 scale mail
rPois   .          Reflect  .   (helmet restricted)
rElec   .          Harm     .   (no cloak)
rCorr   .          Rampage  .   (no gloves)
Will    .....                   (no boots)
Stlth   ..........              (no amulet)
HPRegen 0.13/turn               (no ring)
MPRegen 0.08/turn               (no ring)

@: no status effects
A: horns 2, retaliatory headbutt
a: no special abilities


You were on level 3 of the Dungeon.
You visited 1 branch of the dungeon, and saw 3 of its levels.

You collected 207 gold pieces.

Inventory:

Hand Weapons
 a - a +0 war axe (weapon)
Armour
 b - a +0 scale mail (worn)
 c - a +0 buckler
 s - a +0 kite shield (worn)
Jewellery
 f - an amulet of faith
Wands
 o - a wand of polymorph (7)
Scrolls
 e - 3 scrolls of vulnerability {unknown}
 h - a scroll of enchant armour {unknown}
 i - a scroll of brand weapon {unknown}
 j - 2 scrolls of silence {unknown}
 l - 2 scrolls of teleportation {unknown}
 m - a scroll of immolation {unknown}
 n - 3 scrolls of identify {unknown}
Potions
 d - a potion of might
 g - a potion of curing {unknown}
 k - 2 potions of lignification {unknown}
 p - a potion of magic {unknown}
 q - 2 potions of heal wounds {unknown}
 r - a potion of invisibility {unknown}


   Skills:
 * Level 4.5 Fighting
 * Level 3.6 Axes
 * Level 4.6 Armour
 + Level 4.2 Shields


You had 3 spell levels left.
You didn't know any spells.
Your spell library contained the following spells:

 Spells                   Type           Power      Damage    Failure   Level
 Portal Projectile        Hex/Tloc       0%         N/A       100%        3
 Tukima's Dance           Hex            0%         N/A       100%        3
 Blade Hands              Tmut           0%         N/A       100%        5


Dungeon Overview and Level Annotations

Branches:
Dungeon (3/15)

Altars:

Annotations:
D:3 Terence


Innate Abilities, Weirdness & Mutations

You have a pair of horns on your head.
You reflexively headbutt those who attack you in melee.


Message History

The ball python constricts you.
You closely miss the ball python. The ball python barely misses you.
The ball python constricts you.
You barely miss the ball python. Your headbutt misses the ball python.
You block the ball python's attack. The ball python constricts you.
You block the ball python's attack. The ball python constricts you.
You barely miss the ball python. You headbutt the ball python.
You kill the ball python!
Unknown command.
You now have 207 gold pieces (gained 9).
Found a short sword.
An ogre comes into view. It is wielding a +0 giant club.
The ogre shouts!
A goblin comes into view. It is wielding a +0 club.
Found a scroll labelled QOUNYPSUSTRO.
The goblin shouts!
You hear an angry hiss.
A hobgoblin comes into view.
The goblin hits you but does no damage. The ogre barely misses you.
You furiously retaliate!
You headbutt the ogre.
The hobgoblin shouts!
You hit the ogre but do no damage.
The ogre is lightly wounded.
You completely miss the goblin.
A ball python comes into view.
You block the goblin's attack.
The ogre hits you with a +0 giant club!!
You hit the ogre. You headbutt the ogre.
The ogre is moderately wounded.
You barely miss the goblin.
Terence the Incautious comes into view.
He is wielding a +0 flail, wearing a +2 scale mail of cold resistance and carrying a wand of light (12).
The goblin hits you but does no damage. The ogre barely misses you.
You furiously retaliate!
You headbutt the ogre. The goblin closely misses you.
Terence shouts!
You hit the ogre.
The ogre is heavily wounded.
You closely miss the goblin.
An endoplasm comes into view.
The ogre hits you with a +0 giant club!!
Ouch! That really hurt!
You die...

##.## #. #######...# #.
#........####++#### #.
#.#####.##........## #.
##.# ###..........## #.
...# ............## #.
#### .............## ##.
......g.......## #..
......O@.......# ##.#
.....S.g.....†.######..#
....#..#.....†.#......##
..?..##........'.######
...@. #........'.# ....
!)#.......### ..J
...........#
...............#
...........##


You could see an ogre, Terence, an endoplasm (wandering), a hobgoblin, a goblin
and a ball python.

Vanquished Creatures
  An orc wizard (D:3)
  3 adders
  2 dart slugs
  4 orcs (D:3)
  2 ball pythons
  6 bats
  5 endoplasms
  2 goblins
  5 hobgoblins
  4 jackals (D:2)
  2 quokkas
  A frilled lizard (D:2)
  A kobold (D:2)
  3 rats
41 creatures vanquished.

Vanquished Creatures (others)
  A plant (D:1)
1 creature vanquished.

Grand Total: 42 creatures vanquished

Notes
Turn   | Place    | Note
-------+----------+-------------------------------------------
     0 | D:1      | EarthwalkerPL the Minotaur Fighter began the quest for the
                  | Orb.
     0 | D:1      | Reached XP level 1. HP: 19/19 MP: 0/0
   951 | D:2      | Reached XP level 2. HP: 27/27 MP: 1/1
  1273 | D:2      | Reached XP level 3. HP: 29/33 MP: 2/2
  1846 | D:3      | Reached XP level 4. HP: 22/41 MP: 3/3
  2272 | D:3      | Noticed an ogre
  2277 | D:3      | Noticed Terence
  2278 | D:3      | Slain by an ogre

Illustrated notes

Levels and vault maps discovered:
D:1:      dpeg_arrival_round_b, layout_basic, dk_noncrumbling_3,
          serial_bayou_lake_a
D:2:      layout_rooms
D:3:      kennysheep_big_flooded_room, layout_loops_corners,
          shapermc_ecumenical_altar_mp_vishouse, amcnicky_mini_corridor_feature,
          hangedman_decor_points, minivault_19, uniq_terence

Skill      XL: |  1  2  3 |
---------------+----------+-----
Fighting       | 4 |  4.5
Armour         | 4 |  4.6
Axes           | 3 |  3.6
Shields        | 4 |  4.2

Action                   |  1- 3 |  4- 6 || total
-------------------------+-------+-------++-------
Melee: War axe           |    92 |    23 ||   115
       Headbutt          |     7 |     4 ||    11
Armor: Scale mail        |    56 |    12 ||    68
Dodge: Dodged            |    56 |     8 ||    64
Block: Buckler           |    21 |       ||    21
       Kite shield       |     5 |    10 ||    15
